 Dungeon Crawl Stone Soup version 0.29-a0-234-g0dae59b3db (webtiles) character file.

Game seed: 11619458254629812284

21390 HotDog the Basher (level 12, -1/77 HPs)
             Began as a Gargoyle Fighter on Mar 3, 2022.
             Was an Elder of the Shining One.
             Slain by Jorgrun
             ... wielding a +0 vorpal quarterstaff
              (23 damage)
             ... on level 13 of the Dungeon.
             The game lasted 00:22:05 (13758 turns).

HotDog the Basher (Gargoyle Fighter)               Turns: 13758, Time: 00:22:06

Health: -1/77      AC: 36    Str: 23    XL:     12   Next: 89%
Magic:  13/15      EV:  9    Int: 13    God:    the Shining One [****..]
Gold:   755        SH: 14    Dex:  9    Spells: 11/11 levels left

rFire   . . .      SeeInvis +   a - +1 flail (spect)
rCold   . . .      Faith    .   c - +0 buckler
rNeg    + + +      Spirit   .   L - +0 chain mail
rPois   ∞          Reflect  .   F - +0 helmet
rElec   +          Harm     .   e - +2 cloak
rCorr   .          Rampage  .   K - +2 pair of gloves "Wevvenge" {Will+ Int+4 Stlth+}
Will    +....                   (no boots)
Stlth   ..........              G - amulet of regeneration
HPRegen 1.02/turn               j - +4 ring of protection
MPRegen 0.14/turn               (no ring)

@: divinely shielded, glowing
A: sickness immunity, AC +8, negative energy resistance 1, electricity
resistance, torment resistance 1, petrification resistance, iridescent scales 2,
see invisible, clumsy 1
a: Renounce Religion, Divine Shield, Cleansing Flame


You were on level 13 of the Dungeon.
You worshipped the Shining One.
The Shining One was greatly pleased with you.
You visited 2 branches of the dungeon, and saw 14 of its levels.
You also visited: Ossuary.

You collected 755 gold pieces.

Inventory:

Hand Weapons
 a - a +1 spectral flail (weapon)
Armour
 c - a +0 buckler (worn)
 e - a +2 cloak (worn)
 F - a +0 helmet (worn)
 K - the +2 pair of gloves "Wevvenge" (worn) {Will+ Int+4 Stlth+}
   (You found it on level 9 of the Dungeon)

   Int:       It affects your intelligence (+4).
   Will:      It increases your willpower.
   Stlth:     It makes you more stealthy.
 L - a +0 chain mail (worn)
Jewellery
 j - a +4 ring of protection (left hand)
 t - a ring of fire
 G - an amulet of regeneration (around neck)
 I - an amulet of faith
 O - a ring of resist corrosion
Wands
 r - a wand of polymorph (4)
 s - a wand of charming (10)
 B - a wand of flame (20)
 H - a wand of iceblast (1)
 M - a wand of paralysis (3)
Scrolls
 b - 2 scrolls of immolation
 f - a scroll of magic mapping
 g - 3 scrolls of enchant armour
 i - a scroll of blinking
 m - 4 scrolls of teleportation
 n - 2 scrolls of holy word
 q - a scroll of silence
 w - a scroll of fear
 y - a scroll of noise {unknown}
 D - 2 scrolls of fog
 E - a scroll of summoning
 P - a scroll of torment {unknown}
Potions
 d - 2 potions of might
 h - 2 potions of resistance
 k - a potion of degeneration
 l - 4 potions of mutation
 o - a potion of ambrosia
 p - a potion of haste
 u - 3 potions of curing
 v - a potion of flight
 x - a potion of attraction
 z - 2 potions of magic
 A - 2 potions of brilliance
 C - a potion of lignification {unknown}
 J - a potion of berserk rage {unknown}
 N - a potion of invisibility {unknown}


   Skills:
 * Level 9.7 Fighting
 * Level 13.7 Maces & Flails
 * Level 9.9 Armour
 + Level 5.4 Dodging
 * Level 9.3 Shields
 * Level 4.6 Invocations


You had 11 spell levels left.
You didn't know any spells.
Your spell library contained the following spells:

 Spells                   Type           Power      Damage    Failure   Level
 Foxfire                  Conj/Fire      0%         2x1d4     91%         1
 Blink                    Tloc           0%         N/A       97%         2
 Corpse Rot               Necr/Air       0%         N/A       97%         2
 Poisonous Vapours        Pois/Air       0%         N/A       97%         2
 Gell's Gravitas          Tloc           0%         N/A       100%        3
 Lesser Beckoning         Tloc           0%         N/A       100%        3
 Teleport Other           Tloc           0%         N/A       100%        3
 Manifold Assault         Tloc           0%         N/A       100%        5
 Conjure Ball Lightning   Conj/Air       0%         3x3d6     100%        6
 Discord                  Hex            0%         N/A       100%        8
 Disjunction              Tloc           0%         N/A       100%        8


Dungeon Overview and Level Annotations

Branches:
Dungeon (13/15)            Temple (1/1) D:5            Lair (0/6) D:11
    Orc (0/2) D:9         Ossuary (visited)
 Vaults: D:13-14

Altars:
Cheibriados
Dithmenos
Elyvilon
Fedhas
Hepliaklqana
Kikubaaqudgha
Makhleb
Okawaru
Ru
Trog
Uskayaw
Vehumet
Yredelemnul
Zin
The Shining One

Shops:
D:5 (   D:8 *   D:10 (   D:12 =

Annotations:
D:12 2 transporters, Azumashik's ghost, journeyman NaCj
D:13 Jorgrun; Sonja


Innate Abilities, Weirdness & Mutations

You are immune to sickness and miasma.
Your stone body is resilient. (AC +8)
You are immune to poison.
You resist negative energy. (rN+)
You are resistant to electric shocks. (rElec)
You are resistant to unholy torment.
You are immune to petrification.
You are mostly covered in iridescent scales. (AC +4)
You have supernaturally acute eyesight. (SInv)
You are clumsy. (Dex -2)


Message History

Jorgrun casts a spell at the rock wall.
You hear a grinding noise.
Jorgrun mutters some incantations to himself.
Jorgrun drinks a potion.
Jorgrun seems to grow stronger.
You see here a hydra corpse.
Jorgrun hits you but does no damage.
You closely miss Jorgrun.
Your +1 spectral flail misses Jorgrun.
You block Jorgrun's attack.
You closely miss Jorgrun.
Your +1 spectral flail hits Jorgrun!
Jorgrun hits you with a +0 vorpal quarterstaff!
You hit Jorgrun.
Jorgrun is lightly wounded.
Your +1 spectral flail hits Jorgrun.
You closely miss Jorgrun.
Jorgrun is lightly wounded.
Your +1 spectral flail hits Jorgrun!
You block Jorgrun's attack.
You closely miss Jorgrun.
Jorgrun is moderately wounded.
Your +1 spectral flail closely misses Jorgrun.
You block Jorgrun's attack.
You thump Jorgrun!
Jorgrun is moderately wounded.
Your +1 spectral flail misses Jorgrun.
Jorgrun hits you with a +0 vorpal quarterstaff!!
You closely miss Jorgrun.
Jorgrun is moderately wounded.
Your +1 spectral flail hits Jorgrun!
You hit Jorgrun but do no damage.
Jorgrun is heavily wounded.
Your +1 spectral flail hits Jorgrun!
Jorgrun hits your +1 spectral flail with a +0 vorpal quarterstaff!
Your spectral weapon shares its damage with you! x2
You feel better.
Jorgrun hits you with a +0 vorpal quarterstaff!
* * * LOW HITPOINT WARNING * * *
You hit Jorgrun but do no damage.
Jorgrun is heavily wounded.
Your +1 spectral flail hits Jorgrun.
Jorgrun hits you with a +0 vorpal quarterstaff!!
You die...

###. #.# #.#
. #. #.# #.#
... #. # ..#
#.# ... #.
#.#.# #.# .#
#.
#....###.##
.#
#..^.....[#
#.........#
####..#.#†###
##..#(@..#
##..#g..#
##.....#
##..### ##.#
#.# #.# #.#
#..


You could see Jorgrun (strong) and a friendly +1 spectral flail (summoned).

Vanquished Creatures
  Kirke (D:12)
  A boulder beetle (D:12)
  3 hydras
  5 two-headed ogres
  A centaur warrior (D:13)
  Urug (D:13)
  A wizard (D:10)
  A cyclops (D:11)
  Maggie (D:6)
  A komodo dragon (D:11)
  An unseen horror (D:12)
  4 kobold demonologists
  An efreet (D:11)
  A queen bee (D:10)
  3 trolls
  A hornet (D:9)
  Grinder (D:6)
  A shadow (D:12)
  3 wraiths
  Sigmund (D:6)
  A vampire (D:12)
  A hog (D:12)
  10 yaks (D:10)
  2 wyverns
  4 steam dragons
  4 vampire mosquitoes (D:11)
  3 water moccasins
  2 black bears
  3 orc warriors
  2 sky beasts
  An ogre (D:7)
  11 centaurs
  3 phantoms
  8 kobold brigands
  An elf zombie (Ossuary)
  2 bullfrogs
  3 scorpions
  15 wights
  22 killer bees
  2 human zombies (Ossuary)
  6 orc priests
  3 hounds
  3 iguanas
  14 orc wizards
  4 mummies
  3 gnolls (D:6)
  14 adders
  A shadow imp (D:7)
  2 white imps
  2 worms
  2 dart slugs
  32 orcs
  6 ball pythons
  4 endoplasms
  A giant cockroach (D:3)
  A gnoll zombie (Ossuary)
  5 goblins
  6 hobgoblins
  6 jackals (D:1)
  2 quokkas
  12 bats
  7 frilled lizards
  4 goblin zombies
  4 hobgoblin zombies (Ossuary)
  17 kobolds
  3 kobold zombies (Ossuary)
  An orc zombie (Ossuary)
  6 rats
304 creatures vanquished.

Vanquished Creatures (others)
  A human (D:13)
  A fungus (D:2)
  25 plants
27 creatures vanquished.

Grand Total: 331 creatures vanquished

Notes
Turn   | Place    | Note
-------+----------+-------------------------------------------
     0 | D:1      | HotDog the Gargoyle Fighter began the quest for the Orb.
     0 | D:1      | Reached XP level 1. HP: 14/14 MP: 1/1
    73 | D:1      | Reached XP level 2. HP: 13/19 MP: 2/2
   733 | D:1      | Reached XP level 3. HP: 19/23 MP: 3/3
  1140 | D:2      | Identified the +1 leather armour of Boupal {rC++ rN+++
                  | Stlth+}
  1388 | D:2      | Found a faded altar of an unknown god.
  1414 | D:2      | Reached XP level 4. HP: 24/29 MP: 4/4
  1556 | D:2      | Got Plato's Disquisition on the Volcanoes
  1603 | D:2      | Reached skill level 3 in Maces & Flails
  1859 | D:3      | Reached skill level 1 in Dodging
  1942 | D:3      | Reached XP level 5. HP: 30/33 MP: 5/5
  1990 | D:3      | Found a blossoming altar of Fedhas.
  2663 | D:3      | Reached skill level 4 in Maces & Flails
  2663 | D:3      | Reached XP level 6. HP: 14/38 MP: 6/6
  3496 | D:4      | Found a sand-covered staircase.
  3516 | Ossuary  | Entered an ossuary
  3516 | Ossuary  | Noticed a wraith
  3516 | Ossuary  | Noticed a wraith
  3516 | Ossuary  | Noticed a wraith
  4147 | Ossuary  | Reached XP level 7. HP: 36/44 MP: 7/7
  4224 | Ossuary  | Noticed a wraith
  4234 | Ossuary  | Killed a wraith
  4235 | Ossuary  | Reached skill level 5 in Maces & Flails
  4507 | D:5      | Entered Level 5 of the Dungeon
  4512 | D:5      | Gained mutation: You are partially covered in iridescent
                  | scales. (AC +2) [potion of mutation]
  4512 | D:5      | Gained mutation: You have hidden genetic potential. [potion
                  | of mutation]
  4512 | D:5      | Gained mutation: You are clumsy. (Dex -2) [potion of
                  | mutation]
  4532 | D:5      | Found Nihyir's Weapon Boutique.
  4820 | D:5      | Reached skill level 6 in Maces & Flails
  4982 | D:5      | Reached XP level 8. HP: 48/48 MP: 8/8
  5126 | D:5      | Reached skill level 5 in Fighting
  5411 | D:5      | Gained mutation: You are mostly covered in iridescent
                  | scales. (AC +4) [hidden potential]
  5519 | D:5      | Found a staircase to the Ecumenical Temple.
  5534 | Temple   | Entered the Ecumenical Temple
  5563 | Temple   | Became a worshipper of the Shining One
  5745 | D:6      | Noticed Grinder
  5745 | D:6      | Noticed a kobold demonologist
  5745 | D:6      | Noticed a kobold demonologist
  5745 | D:6      | Noticed a kobold demonologist
  5754 | D:5      | Reached skill level 5 in Shields
  5925 | D:6      | Reached skill level 7 in Maces & Flails
  5925 | D:6      | Reached skill level 5 in Armour
  5941 | D:6      | Noticed Maggie
  5969 | D:6      | Killed Maggie
  6114 | D:6      | Noticed Sigmund
  6235 | D:7      | Reached XP level 9. HP: 54/55 MP: 9/9
  6290 | D:7      | Reached skill level 8 in Maces & Flails
  6303 | D:7      | Gained mutation: You have supernaturally acute eyesight.
                  | (SInv) [hidden potential]
  6303 | D:7      | Lost mutation: You have hidden genetic potential. [hidden
                  | potential expressed]
  6801 | D:7      | Identified the +0 chain mail of the Bulwark {rPois}
  6840 | D:7      | Reached * piety under the Shining One
  7346 | D:7      | Reached skill level 9 in Maces & Flails
  7509 | D:8      | Found Vophecef's Fire Supplies.
  7739 | D:8      | Reached XP level 10. HP: 61/61 MP: 10/10
  8067 | D:8      | Reached ** piety under the Shining One
  8071 | D:8      | Reached skill level 10 in Maces & Flails
  8167 | D:6      | Paralysed by Grinder for 3 turns
  8173 | D:6      | Killed Sigmund
  8174 | D:6      | Paralysed by Grinder for 7 turns
  8182 | D:6      | Killed Grinder
  8289 | D:6      | Killed a kobold demonologist
  8311 | D:6      | Killed a kobold demonologist
  8316 | D:6      | Killed a kobold demonologist
  8337 | D:6      | Identified the +3 leather armour "Jinat" {rN+ Int+4 Dex-4}
  8427 | D:6      | Reached skill level 11 in Maces & Flails
  8434 | D:6      | Found a bloodstained altar of Trog.
  8777 | D:9      | Noticed a centaur warrior
  8779 | D:9      | Noticed a white ugly thing
  8813 | D:9      | Reached *** piety under the Shining One
  9004 | D:9      | Found a shadowy altar of Dithmenos.
  9019 | D:9      | Reached XP level 11. HP: 68/68 MP: 11/11
  9028 | D:9      | Identified the +2 pair of gloves "Wevvenge" {Will+ Int+4
                  | Stlth+}
  9144 | D:9      | Noticed a two-headed ogre
  9147 | D:9      | Found a hazy altar of Hepliaklqana.
  9150 | D:9      | Killed a two-headed ogre
  9151 | D:9      | Reached skill level 5 in Dodging
  9167 | D:9      | Noticed a two-headed ogre
  9176 | D:9      | Killed a two-headed ogre
  9177 | D:9      | Reached skill level 1 in Invocations
  9283 | D:9      | Found a staircase to the Orcish Mines.
  9447 | D:10     | Entered Level 10 of the Dungeon
  9539 | D:10     | Reached skill level 12 in Maces & Flails
  9995 | D:10     | Noticed a two-headed ogre
 10003 | D:10     | Killed a two-headed ogre
 10423 | D:10     | Found Numoh's Weapon Shoppe.
 10576 | D:10     | Noticed a wizard
 10583 | D:10     | Killed a wizard
 11289 | D:11     | Noticed a cyclops
 11805 | D:11     | Found a staircase to the Lair.
 11855 | D:11     | Noticed a two-headed ogre
 11862 | D:11     | Killed a two-headed ogre
 11863 | D:11     | Reached XP level 12. HP: 71/75 MP: 10/14
 12204 | D:11     | Noticed a two-headed ogre
 12212 | D:11     | Killed a two-headed ogre
 12213 | D:11     | Reached skill level 13 in Maces & Flails
 12742 | D:12     | Found a transporter.
 12748 | D:12     | Noticed a two-headed ogre
 12749 | D:12     | Noticed a shadow dragon
 12751 | D:12     | Noticed Azumashik's ghost (journeyman NaCj)
 12751 | D:12     | Reached **** piety under the Shining One
 12753 | D:12     | Noticed an ettin
 12765 | D:12     | Found a transporter.
 12794 | D:12     | Found Wafeapt's Jewellery Emporium.
 12801 | D:12     | Noticed a four-headed hydra
 12808 | D:12     | Killed a four-headed hydra
 13021 | D:12     | Noticed Kirke
 13044 | D:12     | Killed Kirke
 13200 | D:12     | Noticed a boulder beetle
 13233 | D:12     | Killed a boulder beetle
 13297 | D:12     | Noticed a five-headed hydra
 13304 | D:12     | Killed a five-headed hydra
 13535 | D:13     | Noticed Sonja
 13634 | D:13     | Noticed Urug
 13646 | D:13     | Killed Urug
 13646 | D:13     | Noticed a centaur warrior
 13648 | D:13     | Noticed a six-headed hydra
 13689 | D:13     | Killed a centaur warrior
 13723 | D:13     | Killed a six-headed hydra
 13734 | D:13     | Noticed Jorgrun
 13758 | D:13     | Slain by Jorgrun

Illustrated notes

Levels and vault maps discovered:
D:1:      roderic_crop_circles_arrival_small, layout_rooms
D:2:      layout_basic, shapermc_ecumenical_altar_rom_forum
D:3:      layout_basic, fedhas_ov_isle_minmay
D:4:      layout_loops_ring, nicolae_ossuary_entry_giza
D:5:      layout_basic, minmay_temple_entry_hall, serial_shops,
          nicolae_diamond_shop, st_stairs_2
D:6:      layout_rooms, marbit_many_paths, kennysheep_generic_room_3,
          uniq_grinder, uniq_maggie, uniq_sigmund
D:7:      layout_loops_ring, kennysheep_generic_room_7
D:8:      layout_rooms, nicolae_shop_fire_sale [nicolae_sub_dead_trees],
          interstate_on_off
D:9:      layout_cross, riverfiend_overflow_shadow_ancestor, orc_0_dummy,
          minivault_12
D:10:     layout_basic, serial_shops, shop, chequers_serial_rivers_large_a,
          grunt_ministairs_13, nicolae_looking_at_the_future
D:11:     layout_stronghold, david_lair_shrubbed
D:12:     layout_basic, gammafunk_ghost_arena, serial_shops, shop_fountains,
          uniq_kirke
D:13:     layout_basic, ximxim_vaults_locker_room, uniq_jorgrun, uniq_urug,
          uniq_sonja
Temple:   hc_temple_tempest_star

Skill      XL: |  1  2  3  4  5  6  7  8  9 10 11 12 |
---------------+-------------------------------------+-----
Maces & Flails | 3 4 6 7 9 11 12 13 | 13.7
Dodging        | 1 2 3 4 5 |  5.4
Fighting       | 4 5 6 7 8 9 |  9.7
Shields        | 4 5 6 7 8 9 |  9.3
Armour         | 4 5 6 7 8 9 |  9.9
Invocations    | 3 4 |  4.6

Action                   |  1- 3 |  4- 6 |  7- 9 | 10-12 || total
-------------------------+-------+-------+-------+-------++-------
Melee: Flail             |   164 |   274 |   250 |   416 ||  1104
Invok: Divine Shield     |       |       |       |     8 ||     8
       Cleansing Flame   |       |       |       |     1 ||     1
  Use: Scroll            |     2 |     5 |     8 |     6 ||    21
       Potion            |       |       |     5 |     2 ||     7
 Stab: Sleeping          |     1 |     7 |     2 |       ||    10
Armor: Scale mail        |    90 |       |    67 |    80 ||   237
       Leather armour    |    25 |   154 |    99 |       ||   278
       Chain mail        |       |       |       |   261 ||   261
Dodge: Dodged            |   119 |   127 |   143 |   209 ||   598
Block: Buckler           |    51 |    56 |    72 |   157 ||   336

Table legend: (Time is in decaauts)
 A = Elapsed time spent in this place.
 B = Non-inter-level travel time spent in this place.
 C = Inter-level travel time spent in this place.
 D = Time resting spent in this place.
 E = Time spent auto-exploring this place.
 F = Levels seen in this place.
 G = Mean time per level.
                   A        B        C        D        E       F      G
               +--------+--------+--------+--------+--------+-----+--------+
         Total |  13838 |  13025 |    813 |   1124 |   9001 |  15 |  922.5 |
       Dungeon |  12952 |  12150 |    802 |   1124 |   8311 |  13 |  996.3 |
        Temple |     48 |     37 |     11 |      0 |     22 |   1 |   48.0 |
       Ossuary |    837 |    837 |      0 |      0 |    667 |   1 |  837.0 |
               +--------+--------+--------+--------+--------+-----+--------+

Top non-repeatable levels by time:
    D:10: 2107 daAuts
     D:5: 1435 daAuts
     D:7: 1288 daAuts
     D:2: 1129 daAuts
     D:1: 1127 daAuts
     D:3: 1124 daAuts
    D:11: 953 daAuts
 Ossuary: 837 daAuts
     D:6: 830 daAuts
    D:12: 811 daAuts
     D:8: 780 daAuts
     D:9: 770 daAuts
     D:4: 415 daAuts
    D:13: 176 daAuts
  Temple: 48 daAuts
